 Dungeon Crawl Stone Soup version 0.28-a0-732-g75e6d9beac (webtiles) character file.

Game seed: 11283346686624330586

361 Jannitor the Skirmisher (level 6, -7/51 HPs)
             Began as a Djinni Chaos Knight on Oct 29, 2021.
             Was a Plaything of Xom.
             Mangled by an iguana (14 damage)
             ... on level 4 of the Dungeon.
             The game lasted 00:06:07 (4808 turns).

Jannitor the Skirmisher (Djinni Chaos Knight)       Turns: 4808, Time: 00:06:07

Health: -7/51      AC:  5    Str: 11    XL:     6   Next: 98%
Gold:   148        EV: 12    Int: 17    God:    Xom [..*...] SH:  0 Dex: 13

rFire   + + +      SeeInvis .   a - +0 short sword (chaos)
rCold   . . .      Faith    .   (no shield)
rNeg    . . .      Spirit   .   b - +2 leather armour
rPois   ∞          Reflect  .   (no helmet)
rElec   +          Harm     .   (no cloak)
rCorr   +          Rampage  .   (no gloves)
Will    .....                   (boots unavailable)
Stlth   ++........              (no amulet)
HPRegen 0.00/turn               (no ring)
MPRegen 0.00/turn               (no ring)

@: resistant, flying, inhibited regen
A: sickness immunity, fire resistance 2, cold vulnerability 1, float, innate
caster, hp casting, extra vitality 1, clever 1, robust 1, electricity
resistance, inhibited regeneration
a: Renounce Religion


You were on level 4 of the Dungeon.
You worshipped Xom.
You were a toy of Xom.
You visited 1 branch of the dungeon, and saw 4 of its levels.

You collected 148 gold pieces.

Inventory:

Hand Weapons
 a - a +0 short sword of chaos (weapon)
 c - the +2 hand axe of the Heron {chaos, Will+ Str+4 Stlth+}
   (Xom gifted it to you on level 1 of the Dungeon)

   Each time it hits an enemy it has a different, random effect.
   Str:       It affects your strength (+4).
   Will:      It increases your willpower.
   Stlth:     It makes you more stealthy.
 o - a +3 dagger
Missiles
 j - 15 poisoned darts (quivered)
 n - 6 atropa-tipped darts
Armour
 b - a +2 leather armour (worn)
Jewellery
 e - a +4 ring of protection
 l - a ring of resist corrosion
Scrolls
 d - a scroll of brand weapon {unknown}
 f - 4 scrolls of identify {unknown}
 g - a scroll of enchant weapon {unknown}
 h - 6 scrolls of teleportation {unknown}
 k - a scroll of fog {unknown}


   Skills:
 + Level 4.1 Fighting
 + Level 3.7 Short Blades
 - Level 1.0 Armour
 + Level 3.8 Dodging
 + Level 2.3 Stealth
 + Level 1.9 Spellcasting


You had 5 spell levels left.
You knew the following spells:

 Your Spells              Type           Power      Damage    Failure   Level
a - Animate Skeleton      Necr           16%        N/A       12%         1
b - Call Imp              Summ           8%         N/A       17%         2
Your spell library was empty.

Dungeon Overview and Level Annotations

Branches:
Dungeon (4/15)             Temple (0/1) D:4

Altars:
Xom

Shops:
D:2 [


Innate Abilities, Weirdness & Mutations

You are immune to sickness and miasma.
You are immune to poison.
Your flesh is very heat resistant. (rF++)
You are vulnerable to cold. (rC-)
You float through the air rather than walking.
You learn spells naturally, not from books.
Your magical power is your life essence.
You have superior vitality. (+4 HP)
Your mind is acute. (Int +2)
You are robust. (+10% HP)
You are resistant to electric shocks. (rElec)
You do not regenerate when monsters are visible.


Message History

The iguana barely misses you.
You hit the iguana but do no damage.
The iguana flickers and vanishes!
Deactivating autopickup; reactivate with Ctrl-A.
Something bites you!
* * * LOW HITPOINT WARNING * * *
Unknown command.
Your butterfly disappears in a puff of smoke!
Something completely misses your butterfly.
Something bites your butterfly!!
Your butterfly dies!
Your butterfly disappears in a puff of smoke!
You swap places.
Something bites your butterfly!!
Your butterfly dies!
Your butterfly disappears in a puff of smoke!
You see here a quokka corpse.
You aren't carrying any items that you can evoke.
Unknown command.
Unknown command.
It was a potion of resistance.
You feel protected. Something barely misses your butterfly.
Okay, then.
Unknown command.
Unknown command.
Really quaff the potion of mutation?
You feel extremely strange.
You feel robust. x3; You feel insulated.
Your regeneration stops near monsters.
You feel clever. Something misses your butterfly.
Unknown command.
Casting: Call Imp (safe; 17% risk of failure)
Confirm with . or Enter, or press ? or * to list all spells.
A beastly little devil appears in a puff of flame.
* * * LOW HITPOINT WARNING * * *
Your butterfly disappears in a puff of smoke!
Your crimson imp barely misses something.
Your butterfly disappears in a puff of smoke!
Something bites you!
You die...

####......#
#.....####
###.........#
#........#
.....####...#
###.8.8.8..# ..####
##...# ###...⌠.⌠.⌠(.#
.##
#...####............#
##
...#.....####.>....#
.###....## #....###
#...## ###### ##.@#
### #..## ##.#
#..5##########..##
##..........†....#
#..............##
###########....#
##...# ##..# #...###
#..#


You could see a friendly crimson imp (summoned).

Vanquished Creatures
  A howler monkey (D:4)
  Jessica (D:2)
  An iguana (D:3)
  A hound skeleton (D:4)
  4 adders
  3 dart slugs
  2 orcs
  8 ball pythons
  2 endoplasms
  5 giant cockroaches
  4 goblins
  15 hobgoblins
  2 jackals (D:1)
  7 quokkas
  8 bats
  4 frilled lizards
  4 kobolds
  4 rats
76 creatures vanquished.

Vanquished Creatures (collateral kills)
  An ogre (D:4)
  Ijyb (D:3)
  2 adders
  A ball python (D:2)
  A goblin (D:2)
  A hobgoblin (D:4)
7 creatures vanquished.

Vanquished Creatures (others)
  3 plants (D:1)
3 creatures vanquished.

Grand Total: 86 creatures vanquished

Notes
Turn   | Place    | Note
-------+----------+-------------------------------------------
     0 | D:1      | Jannitor the Djinni Chaos Knight began the quest for the
                  | Orb.
     0 | D:1      | Reached XP level 1. HP: 20/20 MP: 0/0
   136 | D:1      | XOM: potion effect (curing)
   157 | D:1      | Reached XP level 2. HP: 14/25 MP: 0/0
   410 | D:1      | Found a faded altar of an unknown god.
   438 | D:1      | XOM: divination: detect items
   606 | D:1      | Reached XP level 3. HP: 30/30 MP: 0/0
   606 | D:1      | Learned a level 1 spell: Animate Skeleton
   687 | D:1      | XOM: 9-stop teleportation journey
   784 | D:1      | XOM: god gift: ichor-stained hand axe {god gift}
   784 | D:1      | Identified the +2 hand axe of the Heron {chaos, Will+ Str+4
                  | Stlth+} (Xom gifted it to you on level 1 of the Dungeon)
  1195 | D:2      | Reached skill level 1 in Stealth
  1269 | D:2      | Found Plog's Antique Armour Emporium.
  1279 | D:2      | Reached XP level 4. HP: 35/35 MP: 0/0
  1342 | D:2      | XOM: scenery: create altars
  1483 | D:2      | Reached skill level 1 in Spellcasting
  1633 | D:2      | Noticed Jessica
  1640 | D:2      | Killed Jessica
  1641 | D:2      | Reached XP level 5. HP: 40/40 MP: 0/0
  1641 | D:2      | Learned a level 2 spell: Call Imp
  1806 | D:2      | XOM: cloud trail
  1831 | D:2      | XOM: give mutations
  1831 | D:2      | Gained mutation: You are frail. (-10% HP) [Xom's mischief]
  1831 | D:2      | Gained mutation: Armour fits poorly on your strangely
                  | shaped body. [Xom's mischief]
  2031 | D:2      | XOM: give mutations
  2031 | D:2      | Gained mutation: You are weak. (Str -2) [Xom's mischief]
  2031 | D:2      | Gained mutation: You are very frail. (-20% HP) [Xom's
                  | mischief]
  2401 | D:3      | XOM: summons 3 hostile demons
  2402 | D:3      | Noticed a hellwing
  2402 | D:3      | Noticed a chaos spawn
  3104 | D:3      | Noticed Ijyb
  3109 | D:3      | Paralysed by Ijyb for 5 turns
  3179 | D:3      | Lost mutation: Armour fits poorly on your strangely shaped
                  | body. [potion of mutation]
  3179 | D:3      | Lost mutation: You are weak. (Str -2) [potion of mutation]
  3179 | D:3      | Lost mutation: You are very frail. (-20% HP) [potion of
                  | mutation]
  3183 | D:3      | Killed Ijyb
  3307 | D:3      | XOM: summons 4 hostile shadow creatures
  3411 | D:3      | Reached XP level 6. HP: 19/42 MP: 0/0
  3989 | D:4      | Reached skill level 4 in Fighting
  4077 | D:4      | XOM: torment (18/42 hp)
  4161 | D:4      | XOM: give mutation
  4161 | D:4      | Gained mutation: You are very frail. (-20% HP) [Xom's
                  | mischief]
  4162 | D:4      | XOM: 3-stop teleportation journey
  4387 | D:4      | XOM: silly message
  4389 | D:4      | XOM: smoke on damage
  4597 | D:4      | Noticed an ogre
  4610 | D:4      | XOM: cast spell 'Summon Small Mammal'
  4612 | D:4      | XOM: potion effect (invisibility)
  4615 | D:4      | Killed an ogre
  4622 | D:4      | XOM: polymorph white imp -> crimson imp
  4631 | D:4      | XOM: divination: detect creatures
  4736 | D:4      | Found a staircase to the Ecumenical Temple.
  4780 | D:4      | XOM: butterfly on damage
  4795 | D:4      | Lost mutation: You are very frail. (-20% HP) [potion of
                  | mutation]
  4795 | D:4      | Lost mutation: You are frail. (-10% HP) [potion of
                  | mutation]
  4795 | D:4      | Gained mutation: You are robust. (+10% HP) [potion of
                  | mutation]
  4795 | D:4      | Gained mutation: You are resistant to electric shocks.
                  | (rElec) [potion of mutation]
  4795 | D:4      | Gained mutation: You do not regenerate when monsters are
                  | visible. [potion of mutation]
  4795 | D:4      | Gained mutation: Your mind is acute. (Int +2) [potion of
                  | mutation]
  4808 | D:4      | Mangled by an iguana

Illustrated notes

Levels and vault maps discovered:
D:1:      lightli_arrival_lavapool, layout_loops_ring,
          hellmonk_ecumenical_altar_dog_temple,
          amcnicky_mini_rare_corridor_liquid, chequers_big_river, st_stairs_3,
          minmay_split_cup_small
D:2:      layout_rooms, serial_shops, shop_fountains, uniq_jessica
D:3:      layout_loops_ring, uniq_ijyb
D:4:      layout_layer_cave, minmay_temple_entry_drinking_statues

Skill      XL: |  1  2  3  4  5  6 |
---------------+-------------------+-----
Short Blades   | 3 |  3.7
Stealth        | 1 2 |  2.3
Spellcasting   | 1 |  1.9
Dodging        | 3 |  3.8
Fighting       | 4 |  4.1
Armour         | |  1.0

Action                   |  1- 3 |  4- 6 || total
-------------------------+-------+-------++-------
Melee: Short sword       |   109 |   220 ||   329
       Dagger            |       |     4 ||     4
 Cast: Animate Skeleton  |     1 |    10 ||    11
       Call Imp          |       |    10 ||    10
  Use: Potion            |       |     5 ||     5
 Stab: Sleeping          |     1 |     1 ||     2
       Petrified         |       |     2 ||     2
       Petrifying        |       |     1 ||     1
Armor: Leather armour    |    46 |    59 ||   105
Dodge: Dodged            |    89 |   131 ||   220

Table legend: (Time is in decaauts)
 A = Elapsed time spent in this place.
 B = Non-inter-level travel time spent in this place.
 C = Inter-level travel time spent in this place.
 D = Time resting spent in this place.
 E = Time spent auto-exploring this place.
 F = Levels seen in this place.
 G = Mean time per level.
                   A        B        C        D        E       F      G
               +--------+--------+--------+--------+--------+-----+--------+
         Total |   4796 |   4685 |    111 |   1240 |   2607 |   4 | 1199.0 |
       Dungeon |   4796 |   4685 |    111 |   1240 |   2607 |   4 | 1199.0 |
               +--------+--------+--------+--------+--------+-----+--------+

Top non-repeatable levels by time:
     D:3: 1534 daAuts
     D:2: 1229 daAuts
     D:1: 1183 daAuts
     D:4: 849 daAuts
